 Dungeon Crawl Stone Soup version 0.28-a0-309-gf6d37e6e1d (webtiles) character file.

Game seed: 9617546621628319737

6 Colgate the Grave Robber (level 1, -2/9 HPs)
             Began as a Vine Stalker Necromancer on Aug 30, 2021.
             Slain by a hobgoblin (3 damage)
             ... on level 1 of the Dungeon.
             The game lasted 00:03:31 (309 turns).

Colgate the Grave Robber (Vine Stalker Necromancer)  Turns: 309, Time: 00:03:32

Health: -2/9       AC:  2    Str: 10    XL:     1   Next: 90%
Magic:  0/4        EV: 12    Int: 15    God:
Gold:   0          SH:  0    Dex: 14    Spells: 2/4 levels left

rFire   . . .      SeeInvis .   c - +0 hand axe
rCold   . . .      Faith    .   (no shield)
rNeg    . . .      Spirit   +   a - +0 robe
rPois   .          Reflect  .   (no helmet)
rElec   .          Harm     .   (no cloak)
rCorr   .          Rampage  .   (no gloves)
Will    .....                   (no boots)
Stlth   ++........              (no amulet)
HPRegen 0.03/turn               (no ring)
MPRegen 0.09/turn               (no ring)

@: no status effects
A: fangs 2, magic shield, antimagic bite, no potion heal 2
a: no special abilities


You were on level 1 of the Dungeon.
You visited 1 branch of the dungeon, and saw 1 of its levels.

Inventory:

Hand Weapons
 c - a +0 hand axe (weapon)
Armour
 a - a +0 robe (worn)
Scrolls
 b - a scroll of vulnerability {unknown}


   Skills:
 - Level 1.5 Dodging
 - Level 2.4 Stealth
 - Level 2.1 Spellcasting
 + Level 4.3 Necromancy


You had 2 spell levels left.
You knew the following spells:

 Your Spells              Type           Power      Damage    Failure   Level
a - Pain                  Necr           56%        1d6       3%          1
b - Animate Skeleton      Necr           28%        N/A       3%          1

Your spell library contained the following spells:

 Spells                   Type           Power      Damage    Failure   Level
 Vampiric Draining        Necr           7%         2d7       11%         3
 Animate Dead             Necr           7%         N/A       36%         4
 Agony                    Necr           14%        N/A       71%         5


Dungeon Overview and Level Annotations

Branches:
Dungeon (1/15)

Altars:


Innate Abilities, Weirdness & Mutations

You have extremely sharp teeth.
When hurt, damage is shared between your health and your magic reserves.
Your bite disrupts and absorbs the magic of your enemies.
Potions cannot restore your health.


Message History

Anything else - Cancel.
Gang up on whom?
Press: ? - help, Dir - move target, f - endoplasm
Aim: an endoplasm Attack!
Your goblin skeleton hits the endoplasm with a +0 dagger.
The endoplasm hits your goblin skeleton.
A hobgoblin comes into view.
Your goblin skeleton hits the endoplasm with a +0 dagger.
The endoplasm freezes your goblin skeleton.
Your goblin skeleton is frozen.
Your goblin skeleton completely resists.
Your goblin skeleton hits the endoplasm with a +0 dagger.
The endoplasm hits your goblin skeleton.
You miscast Pain.
You are very lightly contaminated with residual magic.
Nothing appears to happen.
The endoplasm hits your goblin skeleton.
Your goblin skeleton hits the endoplasm with a +0 dagger.
The endoplasm dies!
You miscast Pain.
Nothing appears to happen.
The hobgoblin writhes in agony.
There is a fountain of clear blue water here.
Your magical contamination has completely faded away.
The hobgoblin writhes in agony.
You hit the hobgoblin but do no damage.
The hobgoblin is almost dead.
The hobgoblin hits you.
You hit the hobgoblin but do no damage.
The hobgoblin is almost dead.
The hobgoblin barely misses you.
You closely miss the hobgoblin. Your bite misses the hobgoblin.
The hobgoblin is almost dead.
The hobgoblin hits you.
* * * LOW HITPOINT WARNING * * *
The hobgoblin closely misses you.
You barely miss the hobgoblin. Your bite misses the hobgoblin.
The hobgoblin is almost dead.
The hobgoblin hits you.
You die...

#...Z....Z..>....
♣♣♣...♣♣♣..####....
♣♣.......♣♣.####....
♣♣.........♣♣##......
♣....♣.♣....♣ #......
♣....Z⌠.....♣........
♣....♣.♣...♣#####....
♣♣..g.......♣ .!....
♣♣.@...♣#.<♣ #.#.#..
♣♣♣♣♣♣♣♣♣♣# #.#.... #
###..


You could see a hobgoblin (ally target) and a friendly goblin skeleton.

Vanquished Creatures
  2 hobgoblins (D:1)
  A quokka (D:1)
  A goblin (D:1)
4 creatures vanquished.

Vanquished Creatures (collateral kills)
  An endoplasm (D:1)
1 creature vanquished.

Grand Total: 5 creatures vanquished

Notes
Turn   | Place    | Note
-------+----------+-------------------------------------------
     0 | D:1      | Colgate the Vine Stalker Necromancer began the quest for
                  | the Orb.
     0 | D:1      | Reached XP level 1. HP: 9/9 MP: 4/4
     2 | D:1      | Learned a level 1 spell: Animate Skeleton
   309 | D:1      | Slain by a hobgoblin

Illustrated notes

Levels and vault maps discovered:
D:1:      amcnicky_arrival_underground_garden, layout_loops_cross,
          minmay_misc_feat_secret_circle

Action                   || total
-------------------------++-------
Melee: Hand axe          ||     4
 Cast: Pain              ||    10
       Animate Skeleton  ||     2
Dodge: Dodged            ||     2

Table legend: (Time is in decaauts)
 A = Elapsed time spent in this place.
 B = Non-inter-level travel time spent in this place.
 C = Inter-level travel time spent in this place.
 D = Time resting spent in this place.
 E = Time spent auto-exploring this place.
 F = Levels seen in this place.
 G = Mean time per level.
                   A        B        C        D        E       F      G
               +--------+--------+--------+--------+--------+-----+--------+
         Total |    310 |    310 |      0 |      0 |    226 |   1 |  310.0 |
       Dungeon |    310 |    310 |      0 |      0 |    226 |   1 |  310.0 |
               +--------+--------+--------+--------+--------+-----+--------+

Top non-repeatable levels by time:
     D:1: 310 daAuts
